 Dungeon Crawl Stone Soup version 0.30-a0-4-ga7cffc901d (webtiles) character file.

Game seed: 1242604307345672386

61 porpoise the Trooper (level 4, 0/38 HPs)
             Began as a Hill Orc Arcane Marksman on Aug 22, 2022.
             Succumbed to an adder's poison
             ... on level 3 of the Dungeon.
             The game lasted 00:04:44 (2614 turns).

porpoise the Trooper (Hill Orc Arcane Marksman)     Turns: 2614, Time: 00:04:45

Health: 0/38       AC:  2    Str: 13    XL:     4   Next: 7%
Magic:  5/5        EV: 10    Int: 17    God:
Gold:   132        SH:  5    Dex: 10    Spells: 4/5 levels left

rFire   . . .      SeeInvis .    a - +0 trident
rCold   . . .      Faith    .    (no shield)
rNeg    . . .      Spirit   .    i - +0 ring mail
rPois   .          Reflect  +    (no helmet)
rElec   .          Harm     .    (no cloak)
rCorr   .          Rampage  .    (no gloves)
Will    .....                    (no boots)
Stlth   ..........               g - amulet of reflection
HPRegen 0.12/turn                (no ring)
MPRegen 0.09/turn                (no ring)

@: lethally poisoned (0 -> -5)
A: clever 1, deformed body, deterioration 1
a: no special abilities


You were on level 3 of the Dungeon.
You visited 1 branch of the dungeon, and saw 3 of its levels.

You collected 132 gold pieces.

Inventory:

Hand Weapons
 a - a +0 trident (weapon)
 b - a +0 sling of flaming
 n - a +1 sling
Missiles
 m - 2 boomerangs
Armour
 i - a +0 ring mail (worn)
Jewellery
 g - an amulet of reflection (around neck)
Scrolls
 c - a scroll of identify {unknown}
 d - a scroll of poison
 e - a scroll of fog
 f - a scroll of magic mapping {unknown}
 h - a scroll of amnesia {unknown}
 j - a scroll of enchant weapon {unknown}
 l - a scroll of teleportation {unknown}


   Skills:
 + Level 3.3 Fighting
 + Level 3.0 Ranged Weapons
 - Level 1.5 Dodging
 - Level 1.0 Spellcasting
 - Level 3.0 Hexes


You had 4 spell levels left.
You knew the following spells:

 Your Spells              Type           Power      Damage    Failure   Level
a - Slow                  Hex            44%        N/A       14%         1

Your spell library contained the following spells:

 Spells                   Type           Power      Damage    Failure   Level
 Inner Flame              Hex/Fire       5%         N/A       58%         3
 Portal Projectile        Hex/Tloc       10%        N/A       58%         3
 Cause Fear               Hex            5%         N/A       80%         4
 Olgreb's Toxic Radiance  Pois           0%         N/A       99%         4
 Ozocubu's Refrigeration  Ice            0%         4d7       100%        7
 Ignition                 Fire           0%         3d3       100%        8


Dungeon Overview and Level Annotations

Branches:
Dungeon (3/15)

Altars:

Shops:
D:2 [


Innate Abilities, Weirdness & Mutations

Your mind is acute. (Int +4, Str/Dex -1)
Armour fits poorly on your strangely shaped body.
Your body sometimes deteriorates upon taking damage.


Message History

An adder is nearby!
A gnoll comes into view. It is wielding a +0 whip.
The gnoll shouts!
You hear a shout!
A gnoll comes into view. It is wielding a +0 flail.
You reach to attack!
You closely miss the adder.
A gnoll comes into view. It is wielding a +0 halberd.
The adder bites you but does no damage.
You hit the adder but do no damage. The adder bites you but does no damage.
You barely miss the adder. The adder bites you.
You are poisoned.
The adder poisons you! The adder misses you.
You barely miss the adder.
You feel sick. The adder closely misses you. The gnoll closely misses you.
You closely miss the gnoll.
You feel sick. The adder bites you.
You are more poisoned.
The adder poisons you! You block the adder's attack.
The gnoll hits you from afar with a +0 halberd!
You block the gnoll's attack.
As you read the scroll labelled EGUFOGARUOS, it crumbles to dust.
The scroll dissolves into smoke.
It was a scroll of fog.
You feel sick. The adder bites you but does no damage.
The gnoll hits you from afar with a +0 halberd.
The gnoll hits you with a +0 whip. The gnoll attacks as you move away!
The gnoll hits you with a +0 whip.
* * * LOW HITPOINT WARNING * * *
You feel sick. The adder bites you.
* * * LOW HITPOINT WARNING * * *
You are lethally poisoned!
The adder poisons you!
Unknown command.
The adder attacks as you move away! The adder bites you but does no damage.
The gnoll attacks as you move away! The gnoll barely misses you.
* * * LOW HITPOINT WARNING * * *
You feel sick.
It was a potion of mutation.
You feel extremely strange.
You feel yourself wasting away.
Your body twists and deforms.
You feel clever.
* * * LOW HITPOINT WARNING * * *
You feel sick. You block the adder's attack. The gnoll completely misses you.
You closely miss the adder.
You die...

................ ..
.
###.#.#.###.##..##..
.. ##.#.## #.#
#..#.# ... #.###.#
#.####... .....
##.#.##
#......§###.....
#.#.#
#......§§§.g....
##.#.## #.....§§g§#
#.###.#
#.....§gg§#..
##.#.##
#.#...@S§§#.# #.#.#
#.......§...#
##.#.##
#.........#.#
#.###.#
#...........#
##.#.##
#............. #.#.#
#.........####
##.#.## #.#.......#
#.###.# #.##.....##
##.#.## # #......##


You could see 3 gnolls and an adder.

Vanquished Creatures
  2 adders (D:2)
  A dart slug (D:1)
  4 orcs (D:3)
  3 bats (D:2)
  An endoplasm (D:2)
  A giant cockroach (D:1)
  3 goblins
  5 hobgoblins
  4 jackals (D:2)
  A quokka (D:2)
  4 ball pythons
  2 kobolds
  A rat (D:1)
32 creatures vanquished.

Notes
Turn   | Place    | Note
-------+----------+-------------------------------------------
     0 | D:1      | porpoise the Hill Orc Arcane Marksman began the quest for
                  | the Orb.
     0 | D:1      | Reached XP level 1. HP: 16/16 MP: 2/2
    57 | D:1      | Found a faded altar of an unknown god.
   495 | D:1      | Reached XP level 2. HP: 24/24 MP: 3/3
  1015 | D:2      | Found Ugreg's Antique Armour Emporium.
  1340 | D:2      | Reached XP level 3. HP: 30/30 MP: 4/4
  2332 | D:3      | Reached XP level 4. HP: 19/38 MP: 5/5
  2613 | D:3      | Gained mutation: Your body sometimes deteriorates upon
                  | taking damage. [potion of mutation]
  2613 | D:3      | Gained mutation: Armour fits poorly on your strangely
                  | shaped body. [potion of mutation]
  2613 | D:3      | Gained mutation: Your mind is acute. (Int +4, Str/Dex -1)
                  | [potion of mutation]
  2614 | D:3      | Succumbed to an adder's poison

Illustrated notes

Levels and vault maps discovered:
D:1:      dpeg_arrival_radiant, layout_basic, nicolae_ecumenical_snake_handling,
          kennysheep_pointless_box
D:2:      layout_loops_ring, serial_shops, nicolae_shop_overgrown_old_shop,
          chequers_serial_rivers_small_a
D:3:      layout_rooms, roderic_roman_lattice, kennysheep_generic_room_3

Skill      XL: |  1  2  3  4 |
---------------+-------------+-----
Ranged Weapons | 2 3 |  3.0
Fighting       | 2 3 |  3.3
Dodging        | |  1.5
Spellcasting   | |  1.0
Hexes          | |  3.0

Action                   |  1- 3 |  4- 6 || total
-------------------------+-------+-------++-------
Melee: Mace              |    14 |       ||    14
       Trident           |    30 |    12 ||    42
       Short sword       |    20 |       ||    20
 Fire: Sling             |    68 |       ||    68
  Use: Scroll            |       |     1 ||     1
       Potion            |       |     1 ||     1
Armor: Ring mail         |    33 |     7 ||    40
Dodge: Dodged            |    74 |     6 ||    80
Block: Other             |       |     3 ||     3

Table legend: (Time is in decaauts)
 A = Elapsed time spent in this place.
 B = Non-inter-level travel time spent in this place.
 C = Inter-level travel time spent in this place.
 D = Time resting spent in this place.
 E = Time spent auto-exploring this place.
 F = Levels seen in this place.
 G = Mean time per level.
                   A        B        C        D        E       F      G
               +--------+--------+--------+--------+--------+-----+--------+
         Total |   2652 |   2618 |     34 |    655 |   1646 |   3 |  884.0 |
       Dungeon |   2652 |   2618 |     34 |    655 |   1646 |   3 |  884.0 |
               +--------+--------+--------+--------+--------+-----+--------+

Top non-repeatable levels by time:
     D:2: 1344 daAuts
     D:1: 986 daAuts
     D:3: 321 daAuts
